cohdb
Replays
Latest Replays
All Replays
Popular Replays
Top Player Replays
Match Explorer
How It Works
Community
CoH3 Stats
Reddit
Sign in to upload your games and track your stats! →
Sign in with Steam
Match 44080467
Unlisted
Match 44080467
Overview
Messages
Build Orders
End
Royal Engineer Section
Construct Section Command Post
Selects Indian Artillery Battlegroup
Selects Indian Artillery Battlegroup
Selects Indian Artillery Battlegroup
Dingo Light Scout Car
Vickers Machine Gun Team
ML 3-inch Mortar Team
Construct Platoon Command Post
Selects War Cry
Unlock M3 Stuart Light Tanks
M3 Stuart Light Tank
Selects Gurkha Rifles Section
Gurkha Rifles Section
Gurkha Rifles Section
Construct Field Infirmary
Construct Company Command Post
Selects Artillery Saturation
Selects Off-map Airburst Barrage
Selects BL5.5 Artillery Emplacement
Off-map Airburst Barrage
Brother
Poogie
果子一块钱
松动的表现丶
0
0
Comments
sign in to comment!
No comments posted yet!